 Dungeon Crawl Stone Soup version 0.25-a0-419-g7650d0de75 (webtiles) character file.

Game seed: 8364828981884016439, levelgen mode: deterministic

2743 kae the Frost Mage (level 9, -1/57 HPs)
             Began as a Merfolk Ice Elementalist on Jan 17, 2020.
             Was a Follower of Fedhas.
             Slain by a wight
             ... wielding a +0 great sword
              (6 damage)
             ... on level 8 of the Dungeon.
             The game lasted 00:16:24 (9005 turns).

kae the Frost Mage (Merfolk Ice Elementalist)       Turns: 9005, Time: 00:16:25

Health: -1/57      AC:  6    Str: 10    XL:     9   Next: 68%
Magic:  18/27      EV: 12    Int: 16    God:    Fedhas [*.....]
Gold:   1585       SH:  0    Dex: 14    Spells: 12/20 levels left

rFire    . . .     SeeInvis .   E - +1 scythe (vamp)
rCold    . . .     Gourm    .   (shield currently unavailable)
rNeg     . . .     Faith    .   a - +0 robe
rPois    .         Spirit   .   w - +1 helmet
rElec    .         Reflect  .   (no cloak)
rCorr    .         Harm     .   m - +1 pair of gloves
MR       .....                  (no boots)
Stlth    ++........             (no amulet)
HPRegen  0.19/turn              h - ring of magical power
MPRegen  0.20/turn              (no ring)

@: very slightly contaminated, heavily drained
A: change form in water, swift swim, stealthy swim
a: Renounce Religion


You were on level 8 of the Dungeon.
You worshipped Fedhas.
Fedhas was aware of your devotion.
You were hungry.

You visited 2 branches of the dungeon, and saw 9 of its levels.

You collected 1585 gold pieces.

Inventory:

Hand Weapons
 t - a +1 spear
 E - a +1 vampiric scythe (weapon)
Missiles
 k - 209 stones (quivered)
Armour
 a - a +0 robe (worn)
 m - a +1 pair of gloves (worn)
 w - a +1 helmet (worn)
Jewellery
 h - a ring of magical power (left hand)
 v - an uncursed ring of flight {unknown}
 C - an uncursed ring of positive energy {unknown}
Wands
 j - a wand of paralysis (3)
 q - a wand of iceblast (5)
 s - a wand of flame (28)
 B - a wand of polymorph (12)
Scrolls
 d - 3 scrolls of remove curse
 e - 5 scrolls of identify
 l - 2 scrolls of enchant weapon
 p - 2 scrolls of fog
 u - 2 scrolls of fear
 x - 2 scrolls of acquirement
 y - 2 scrolls of enchant armour
 F - a scroll of blinking
Potions
 b - a potion of berserk rage
 f - 2 potions of haste
 g - 2 potions of brilliance
 i - 4 potions of might
 n - a potion of resistance
 o - a potion of flight
 z - 2 potions of degeneration {unknown}
 A - a potion of ambrosia {unknown}
 D - 2 potions of curing {unknown}
 H - a potion of agility {unknown}
Comestibles
 c - 14 rations
 r - 2 chunks of flesh


   Skills:
 + Level 9.0(7.3) Polearms
 - Level 2.6(1.2) Dodging
 - Level 2.1(0.7) Stealth
 + Level 6.2(4.6) Spellcasting
 * Level 10.9(9.1) Ice Magic


You had 12 spell levels left.
You knew the following spells:

 Your Spells              Type           Power        Failure   Level  Hunger
a - Freeze                Ice            ####         1%          1    None
b - Ozocubu's Armour      Chrm/Ice       ###.....     8%          3    ###....
c - Summon Ice Beast      Ice/Summ       ###.....     24%         4    ####...

Your spell library contained the following spells:

 Spells                   Type           Power        Failure   Level  Hunger
 Foxfire                  Conj/Fire      #...         16%         1    None
 Hailstorm                Conj/Ice       ###.....     24%         4    ####...
 Conjure Flame            Conj/Fire      #.......     43%         3    ###....
 Inner Flame              Hex/Fire       #.......     43%         3    ###....
 Sticky Flame             Conj/Fire      #.......     85%         4    ####...
 Fireball                 Conj/Fire      #.........   99%         5    ######.


Dungeon Overview and Level Annotations

Branches:
Dungeon (8/15)             Temple (1/1) D:7
   Lair: D:8-11

Altars:
Ashenzari
Cheibriados
Dithmenos
Elyvilon
Fedhas
Gozag
Hepliaklqana
Kikubaaqudgha
Makhleb
Nemelex Xobeh
Okawaru
Qazlal
Ru
Sif Muna
Trog
Uskayaw
Vehumet
Wu Jian
Xom
Yredelemnul
Zin
The Shining One

Shops:
D:4 [}

Annotations:
D:3 Grinder
D:4 Menkaure


Message History

The wight hits you with a +0 scimitar.
You feel drained.
The wight hits you with a +0 great sword!
* * * LOW HITPOINT WARNING * * *
Your ice beast hits the wight but does no damage.
Your ice beast barely misses the wight.
The wight barely misses your ice beast.
Your ice beast closely misses the wight.
Okay, then.
The wight misses you.
Your ice beast hits the wight but does no damage.
Your magical contamination has completely faded away.
Blink to where?
Press: ? - help, Dir - move target cursor You are very lightly contaminated with residual magic.
As you read the scroll of blinking, it crumbles to dust.
Your ice beast hits the wight but does no damage.
You closely miss the wight.
The wight is severely damaged.
The wight hits you with a +0 great sword.
You die...
Fedhas appreciates your contribution to the ecosystem.

#.# #.# #................... #.#
#.# #.....####.......... #.# #.#
#.###.##...#........ #.#
#.#####.# #.##.###.####... #.#
#.......# #.##.# #.# #... ..#
#......)# #.##.# #.# ##.# ###
#.[.....###.##.# #.# #.#
#..........Yz.§# #.# ##.#
#........@z.#### #.# ##...
#......)##### #.###.... #.....).#
#.##..... # #.##..#.# #........
########.##..#.##########.##.....
...(SO.......#.........#.........
....@.....(.##########.....÷.....
#######.....# ###..###.#.# .....#
#..#...###


You could see 2 wights and a friendly ice beast.

Vanquished Creatures
  Maggie (D:8)
  Sigmund (D:6)
  Edmund (D:6)
  2 water moccasins
  An ice beast (D:5)
  A necrophage (D:7)
  2 ogres
  3 centaurs
  Blork the orc (D:6)
  3 bullfrogs
  4 scorpions
  A centaur zombie (D:6)
  4 crimson imps
  2 bullfrog zombies (D:5)
  2 hounds
  4 orc priests
  2 orc wizards
  A centaur skeleton (D:6)
  Ijyb (D:3)
  5 worker ants
  A hound zombie (D:8)
  A worker ant zombie (D:8)
  Robin (D:4)
  4 gnolls (D:4)
  10 adders
  A shadow imp (D:5)
  2 oozes
  An adder skeleton (D:6)
  A worm (D:4)
  4 dart slugs
  6 leopard geckos
  13 orcs
  5 bats
  7 giant cockroaches
  15 goblins
  2 hobgoblins
  2 jackals (D:6)
  10 kobolds
  3 quokkas
  A ball python (D:1)
  6 frilled lizards
  A hobgoblin zombie (D:8)
  2 kobold zombies (D:8)
  A leopard gecko zombie (D:5)
  An orc zombie (D:8)
  3 quokka skeletons
  9 rats
155 creatures vanquished.

Vanquished Creatures (collateral kills)
  A wight (D:8)
  A hound (D:7)
2 creatures vanquished.

Vanquished Creatures (others)
  5 dream sheep (D:5)
  A plant (D:2)
  4 toadstools (D:1)
10 creatures vanquished.

Grand Total: 167 creatures vanquished

Notes
Turn   | Place    | Note
-------+----------+-------------------------------------------
     0 | D:1      | kae the Merfolk Ice Elementalist began the quest for the
                  | Orb.
     0 | D:1      | Reached XP level 1. HP: 13/13 MP: 3/3
    64 | D:1      | Reached XP level 2. HP: 18/19 MP: 1/5
  1135 | D:2      | Reached skill level 5 in Ice Magic
  1137 | D:2      | Reached skill level 1 in Polearms
  1137 | D:2      | Reached XP level 3. HP: 18/24 MP: 2/6
  1898 | D:2      | Reached XP level 4. HP: 21/30 MP: 5/7
  2456 | D:3      | Reached XP level 5. HP: 35/35 MP: 4/9
  2541 | D:3      | Noticed Ijyb
  2553 | D:3      | Killed Ijyb
  2553 | D:3      | Reached skill level 6 in Ice Magic
  3117 | D:3      | Reached XP level 6. HP: 41/41 MP: 6/10
  3340 | D:4      | Learned a level 3 spell: Ozocubu's Armour
  3494 | D:4      | Noticed Grinder
  4064 | D:4      | Found Tunyt's Gadget Emporium.
  4119 | D:4      | Noticed Robin
  4316 | D:4      | Killed Robin
  4490 | D:4      | Noticed Menkaure
  4512 | D:4      | Found Bimaores's Antique Armour Shoppe.
  4559 | D:4      | Reached skill level 7 in Ice Magic
  4563 | D:4      | Reached XP level 7. HP: 27/46 MP: 4/12
  4787 | D:5      | Entered Level 5 of the Dungeon
  5076 | D:5      | Reached skill level 5 in Polearms
  5269 | D:5      | Found a sacrificial altar of Ru.
  5736 | D:5      | Reached skill level 8 in Ice Magic
  5791 | D:5      | Reached XP level 8. HP: 35/52 MP: 14/14
  6041 | D:5      | Noticed a dream sheep
  6041 | D:5      | Noticed a dream sheep
  6041 | D:5      | Noticed a dream sheep
  6041 | D:5      | Noticed a dream sheep
  6041 | D:5      | Noticed a dream sheep
  6041 | D:5      | Found a shimmering altar of Xom.
  6047 | D:5      | Killed a dream sheep
  6047 | D:5      | Killed a dream sheep
  6047 | D:5      | Killed a dream sheep
  6047 | D:5      | Killed a dream sheep
  6047 | D:5      | Killed a dream sheep
  6208 | D:6      | Identified 3 scrolls of acquirement
  6624 | D:6      | Reached skill level 9 in Ice Magic
  6800 | D:6      | Noticed Blork the orc
  6894 | D:6      | Killed Blork the orc
  6894 | D:6      | Reached skill level 5 in Spellcasting
  7379 | D:6      | Found a shadowy altar of Dithmenos.
  7382 | D:6      | Found a hide-covered altar of Uskayaw.
  7386 | D:6      | Found an opulent altar of Gozag.
  7437 | D:6      | Noticed Sigmund
  7454 | D:6      | Killed Sigmund
  7454 | D:6      | Reached XP level 9. HP: 36/57 MP: 17/17
  7563 | D:6      | Noticed Edmund
  7574 | D:6      | Killed Edmund
  7773 | D:7      | Found a staircase to the Ecumenical Temple.
  7786 | Temple   | Entered the Ecumenical Temple
  7840 | Temple   | Became a worshipper of Fedhas Madash
  7858 | D:7      | Learned a level 4 spell: Summon Ice Beast
  7866 | D:7      | Reached skill level 10 in Ice Magic
  8731 | D:8      | Noticed Maggie
  8985 | D:8      | Killed Maggie
  8985 | D:8      | Reached * piety under Fedhas
  9005 | D:8      | Slain by a wight

Levels and vault maps discovered:
D:1:      ldierk_walled_garden_2, layout_basic, minmay_statues_item
D:2:      layout_rooms, lexackson_kobold_supper
D:3:      layout_basic, uniq_ijyb
D:4:      layout_loops_ring, serial_shops, shop, shop, uniq_robin, uniq_grinder,
          uniq_menkaure
D:5:      layout_layer_cave, nicolae_overflow_hidden_temple, first_ration,
          kb_xom_exploding_sheep
D:6:      layout_basic, minitemple, nrook_campfire, sigmund_edmund_badplayer,
          uniq_sigmund, uniq_blork_the_orc
D:7:      layout_basic, minmay_temple_entry_offerings
D:8:      layout_loops_ring, grunt_ogre_cave, chequers_serial_rivers_micro_c,
          minmay_mini_ossuary, uniq_maggie, uniq_psyche
Temple:   nicolae_temple_no_exploring_needed

Skill      XL: |  1  2  3  4  5  6  7  8  9 |
---------------+----------------------------+-----
Ice Magic      | 5 6 7 8 9 10 | 10.9
Polearms       | 1 2 3 4 5 7 9 |  9.0
Spellcasting   | 3 4 5 6 |  6.2
Dodging        | |  2.6
Stealth        | |  2.1

Action                   |  1- 3 |  4- 6 |  7- 9 || total
-------------------------+-------+-------+-------++-------
Melee: Spear             |    21 |   217 |   151 ||   389
       Scythe            |       |       |    66 ||    66
 Cast: Freeze            |    42 |   113 |   132 ||   287
       Ozocubu's Armour  |       |       |    14 ||    14
       Summon Ice Beast  |       |       |     2 ||     2
Evoke: Wand              |       |    12 |       ||    12
  Use: Potion            |     1 |       |       ||     1
       Scroll            |       |     9 |    12 ||    21
 Stab: Sleeping          |     4 |     1 |     5 ||    10
       Paralysed         |       |     2 |       ||     2
       Distracted        |       |     1 |     2 ||     3
  Eat: Chunk             |     4 |     9 |    15 ||    28
Armor: Robe              |     7 |    17 |   100 ||   124
       Skin              |       |       |     2 ||     2
Dodge: Dodged            |    26 |    74 |   193 ||   293

Table legend:
 A = Non-vault XP
 B = Vault XP
 C = Vault XP percentage of total XP
 D = Non-vault monster count
 E = Vault monster count
 F = Vault count percentage of total count
                 A         B        C        D         E       F
            +---------+---------+-------+---------+---------+-------
      Total |    3015 |     904 |  23.1 |     129 |      28 |  17.8
            +---------+---------+-------+---------+---------+-------
        D:1 |      21 |       0 |   0.0 |      10 |       0 |   0.0
        D:2 |     139 |      14 |   9.2 |      26 |       8 |  23.5
        D:3 |     117 |      35 |  23.0 |      26 |       1 |   3.7
        D:4 |     271 |      36 |  11.7 |      17 |      11 |  39.3
        D:5 |     850 |       0 |   0.0 |      17 |       0 |   0.0
        D:6 |     533 |     500 |  48.4 |      14 |       3 |  17.6
        D:7 |     647 |       0 |   0.0 |       9 |       0 |   0.0
        D:8 |     437 |     319 |  42.2 |      10 |       5 |  33.3
            +---------+---------+-------+---------+---------+-------
